 Dungeon Crawl Stone Soup version 0.19.4-9-g45fd643 (webtiles) character file.

99769 equalderp2856 the Unseen (level 15, -6/61 HPs)
             Began as a Felid Fighter on Feb 17, 2017.
             Mangled by a stone giant (34 damage)
             ... on level 2 of the Depths.
             The game lasted 08:56:13 (97524 turns).

equalderp2856 the Unseen (Felid Fighter)           Turns: 97524, Time: 08:56:14

Health: -6/61      AC:  3    Str: 13    XL:     15   Next: 78%
Magic:  32/32      EV: 30    Int: 15    God:
Gold:   2851       SH:  0    Dex: 16    Spells: 13 memorised, 14 levels left
                                        Lives:  0   Deaths: 5

rFire  x . .     SeeInvis +       - Unarmed
rCold  + + .     Gourm    .     (armour unavailable)
rNeg   . . .     Faith    .     (shield unavailable)
rPois  .         Spirit   .     (helmet unavailable)
rElec  .         Reflect  .     (cloak unavailable)
rCorr  .         Harm     .     (gloves unavailable)
MR     ++...                    (boots unavailable)
Stlth  +++++++...               (no amulet)
                                P - ring of ice
                                g - +4 ring of evasion

@: quick
A: no armour, no weapons or thrown items, stealth, claws 1, fangs 3, see
invisible, carnivore 3, speed 1, low mp 1, shaggy fur 3, slow metabolism 1,
sharp paws
a: no special abilities


You were on level 2 of the Depths.
You were not hungry.

You visited 9 branches of the dungeon, and saw 32 of its levels.
You also visited: Labyrinth and Ossuary.

You collected 2851 gold pieces.

Inventory:

Missiles
 c - 442 arrows
Jewellery
 g - a +4 ring of evasion (left paw)
 q - an uncursed ring of positive energy
 z - an uncursed ring of wizardry
 B - the amulet of the Four Winds {rN+ MR+++ Clar}
   (You found it on level 5 of the Dungeon)

   [amulet of nothing]

   It protects you from negative energy.
   It affects your resistance to hostile enchantments.
   It protects you against confusion.
 C - an uncursed ring of positive energy
 P - a ring of ice (right paw)
Wands
 l - a wand of random effects (32/48)
 m - a wand of slowing (3/48)
 n - a wand of teleportation (3/9)
 x - a wand of acid (5/15)
 F - a wand of iceblast (7/15)
 N - a wand of lightning (12/15)
 S - a wand of digging (16/24)
 U - a wand of lightning (3/15)
 X - a wand of flame (20/48)
 Y - a wand of disintegration (7/24)
Scrolls
 d - 3 scrolls of fog
 r - a scroll of recharging
 w - 13 scrolls of identify
 y - 12 scrolls of remove curse
 H - 2 scrolls of fear
 I - 2 scrolls of amnesia
 J - 3 scrolls of teleportation
 K - 2 scrolls of magic mapping
Potions
 a - 8 potions of might
 f - 2 potions of lignification
 h - 3 potions of brilliance
 j - 5 potions of resistance
 o - 2 potions of haste
 s - 6 potions of flight
 t - 4 potions of ambrosia
 v - 4 potions of agility
 D - 4 potions of berserk rage
 E - a potion of invisibility
 Q - 2 potions of magic
 V - a potion of heal wounds
Books
 e - a book of Clouds

   Spells                             Type                      Level
   a - Mephitic Cloud                 Conjuration/Poison/Air       3
   b - Conjure Flame                  Conjuration/Fire             3
   c - Poisonous Cloud                Conjuration/Poison/Air       6
   d - Freezing Cloud                 Conjuration/Ice/Air          6
   e - Ring of Flames                 Charms/Fire                  7
 i - the Grimoire of Conjuration
   (You found it on level 1 of the Elven Halls)

   Spells                             Type                      Level
   a - Throw Frost                    Conjuration/Ice              2
   b - Conjure Flame                  Conjuration/Fire             3
   c - Irradiate                      Conjuration/Transmutation    5
   d - Fireball                       Conjuration/Fire             5
 k - a book of Ice

   Spells                             Type                      Level
   a - Ice Form                       Ice/Transmutation            4
   b - Metabolic Englaciation         Hexes/Ice                    5
   c - Ozocubu's Refrigeration        Ice                          6
   d - Bolt of Cold                   Conjuration/Ice              6
   e - Freezing Cloud                 Conjuration/Ice/Air          6
   f - Simulacrum                     Ice/Necromancy               6
 p - a book of Maledictions

   Spells                             Type                      Level
   a - Corona                         Hexes                        1
   b - Ensorcelled Hibernation        Hexes/Ice                    2
   c - Confuse                        Hexes                        3
   d - Tukima's Dance                 Hexes                        3
   e - Dazzling Spray                 Conjuration/Hexes            3
 u - a book of Misfortune

   Spells                             Type                      Level
   a - Confusing Touch                Hexes                        1
   b - Confuse                        Hexes                        3
   c - Gell's Gravitas                Hexes/Translocation          3
   d - Petrify                        Transmutation/Earth          4
   e - Metabolic Englaciation         Hexes/Ice                    5
   f - Yara's Violent Unravelling     Hexes/Transmutation          5
 A - a book of Minor Magic

   Spells                             Type                      Level
   a - Magic Dart                     Conjuration                  1
   b - Blink                          Translocation                2
   c - Call Imp                       Summoning                    2
   d - Repel Missiles                 Charms/Air                   2
   e - Slow                           Hexes                        2
   f - Conjure Flame                  Conjuration/Fire             3
   g - Mephitic Cloud                 Conjuration/Poison/Air       3
 G - a book of Conjurations

   Spells                             Type                      Level
   a - Magic Dart                     Conjuration                  1
   b - Searing Ray                    Conjuration                  2
   c - Dazzling Spray                 Conjuration/Hexes            3
   d - Fulminant Prism                Conjuration/Hexes            4
   e - Iskenderun's Mystic Blast      Conjuration                  4
   f - Iskenderun's Battlesphere      Conjuration/Charms           5
 M - a book of Frost

   Spells                             Type                      Level
   a - Freeze                         Ice                          1
   b - Throw Frost                    Conjuration/Ice              2
   c - Ozocubu's Armour               Charms/Ice                   3
   d - Throw Icicle                   Conjuration/Ice              4
   e - Summon Ice Beast               Ice/Summoning                4
 T - a book of Summonings

   Spells                             Type                      Level
   a - Recall                         Summoning/Translocation      3
   b - Aura of Abjuration             Summoning                    5
   c - Summon Demon                   Summoning                    5
   d - Summon Forest                  Summoning/Translocation      5
   e - Summon Mana Viper              Hexes/Summoning              5
   f - Shadow Creatures               Summoning                    6
 W - a book of Fire

   Spells                             Type                      Level
   a - Ignite Poison                  Fire/Transmutation/Poison    3
   b - Fireball                       Conjuration/Fire             5
   c - Bolt of Fire                   Conjuration/Fire             6
   d - Delayed Fireball               Conjuration/Fire             7
   e - Ring of Flames                 Charms/Fire                  7
 Z - a book of Alchemy

   Spells                             Type                      Level
   a - Sublimation of Blood           Necromancy                   2
   b - Ignite Poison                  Fire/Transmutation/Poison    3
   c - Petrify                        Transmutation/Earth          4
   d - Alistair's Intoxication        Transmutation/Poison         5
   e - Irradiate                      Conjuration/Transmutation    5
Miscellaneous
 L - a sack of spiders
 R - 2 phantom mirrors
Comestibles
 b - 10 meat rations
 O - 8 royal jellies


   Skills:
 + Level 5.0 Fighting
 + Level 10.5 Dodging
 + Level 17.1 Stealth
 + Level 14.3 Unarmed Combat
 + Level 15.8 Spellcasting
 + Level 7.0 Conjurations
 + Level 14.1 Hexes
 + Level 0.5 Charms
 + Level 9.2 Summonings
 + Level 4.8 Translocations
 + Level 0.9 Transmutations
 + Level 10.8 Ice Magic
 + Level 0.1 Air Magic


You had 14 spell levels left.
You knew the following spells:

 Your Spells              Type           Power        Failure   Level  Hunger
a - Corona                Hex            ######.      0%          1    None
b - Ensorcelled Hibernat  Hex/Ice        ######       1%          2    None
c - Confuse               Hex            ######..     1%          3    None
d - Sticks to Snakes      Tmut           ##......     8%          2    None
e - Throw Icicle          Conj/Ice       ######..     1%          4    #......
f - Blink                 Tloc           N/A          1%          2    None
g - Confusing Touch       Hex            ######       0%          1    None
h - Repel Missiles        Chrm/Air       ##....       10%         2    None
i - Slow                  Hex            ######..     1%          2    None
j - Summon Ice Beast      Ice/Summ       ######..     1%          4    #......
k - Call Imp              Summ           #####...     1%          2    None
l - Magic Dart            Conj           ####         1%          1    None
m - Summon Demon          Summ           #####.....   3%          5    ####...


Dungeon Overview and Level Annotations

Branches:
Dungeon (15/15)            Temple (1/1) D:5            Lair (6/6) D:9
 Shoals (1/4) Lair:2       Spider (1/4) Lair:3        Slime (1/5) Lair:6
    Orc (2/2) D:12            Elf (3/3) Orc:2        Vaults (0/5) D:14
 Depths (2/5) D:15

Altars:
Ashenzari
Cheibriados
Dithmenos
Elyvilon
Fedhas
Gozag
Hepliaklqana
Kikubaaqudgha
Makhleb
Nemelex Xobeh
Okawaru
Qazlal
Ru
Sif Muna
Trog
Uskayaw
Vehumet
Xom
Yredelemnul
Zin
The Shining One
Jiyva

Shops:
D:6 *   Orc:2 *?(}(   Elf:2 (

Portals:
Pandemonium: Orc:2
Trove: Elf:3 (show slimy rune of Zot)

Annotations:
D:5 1 runed door
D:7 Menkaure
Shoals:1 Nikola
Depths:1 Bai Suzhen


Innate Abilities, Weirdness & Mutations

You cannot wear armour.
You are incapable of wielding weapons or throwing items.
Your paws allow you to move quietly. (Stealth)
You have sharp claws.
You have razor-sharp teeth.
You have supernaturally acute eyesight. (SInv)
You are carnivorous and can eat meat at any time.
You cover ground quickly.
Your thick and shaggy fur keeps you warm. (AC +3, rC+)
You have a slow metabolism.
Your sharp claws are effective at attacking unaware monsters.
Your magical capacity is low. (-10% MP)


Message History

Your Fighting skill increases to level 5!
Unknown command.
Things that are here:
a dire flail; a dire flail of protection; an ettin corpse You start resting.
Magic restored.
You start resting.
HP restored.
There is a stone staircase leading down here.
You climb downwards.
A spark wasp simulacrum comes into view.
The spark wasp simulacrum hits you!! The spark wasp simulacrum freezes you!
You resist.
The yaktaur shoots a bolt.
The bolt is repelled.
You feel less protected from missiles.
The spark wasp simulacrum completely misses you.
There is a stone staircase leading up, spattered with blood here.
You see here 5 bolts.
The stone giant hits you!!
Ouch! That really hurt!
You die...

.......)..
..........
.......c.
........c
#x......#
#.c....#.
#(.......
#ZC.....#
#@.....##
#(......#
#.....###
#...$..#
#.....##
#.....#
#....##
#....#


You could see a stone giant, 3 yaktaurs, an unseen horror (invisible) and a
spark wasp simulacrum.

Vanquished Creatures
  An orc warlord (D:14)
  The ghost of cotteux the Cleaver, a journeyman GrBe of Trog (D:12)
  A deep elf annihilator (Elf:1)
  The ghost of cotteux the Cleaver, a journeyman MiBe of Trog (Lair:3)
  2 ettins
  5 hydras
  Erolcha (D:13)
  5 vault guards (D:14)
  A centaur warrior (D:13)
  2 catoblepae (Lair:6)
  4 dancing weapons
  Urug (Lair:2)
  A death knight (D:15)
  4 tengu warriors
  19 death yaks
  An alligator (Lair:4)
  An ogre mage (D:15)
  A deep elf knight (Elf:1)
  Nergalle (D:10)
  Sonja (D:10)
  A fire crab (Lair:6)
  6 skeletal warriors (D:15)
  2 unseen horrors
  9 hill giants
  A wizard (D:15)
  A torturous demonspawn (Orc:2)
  3 sea snakes (Shoals:1)
  Pikel (D:9)
  2 orc knights (Orc:2)
  An orb spider (Spider:1)
  20 deep elf magi
  2 cyclopes
  27 ugly things
  4 fauns (Shoals:1)
  7 orc sorcerers
  8 wolf spiders
  3 manticores
  8 black mambas
  15 elephants
  A guardian serpent (Lair:6)
  Maurice (D:10)
  Joseph (D:10)
  16 spiny frogs
  A yaktaur (D:14)
  2 gargoyles (D:14)
  8 komodo dragons
  3 rime drakes
  A kobold demonologist (D:13)
  A tengu conjurer (D:14)
  An efreet (D:15)
  An ice devil (Orc:2)
  6 trolls
  13 jumping spiders
  2 polar bears (D:15)
  4 hornets
  3 merfolk (Shoals:1)
  3 two-headed ogres (D:15)
  A queen bee (shapeshifter) (Depths:1)
  7 dream sheep
  31 blink frogs
  18 hippogriffs
  20 slime creatures
  4 snapping turtles (Shoals:1)
  An air elemental (Elf:1)
  A spriggan (Lair:2)
  A spriggan (shapeshifter) (Depths:1)
  2 tarantellas (Spider:1)
  2 shadows
  61 yaks
  A wraith (D:15)
  The ghost of equalderp2856 the Scratcher, an amateur FeFi (D:4)
  13 redbacks
  7 basilisks
  5 fire elementals
  2 water elementals
  9 wyverns
  A vampire (D:14)
  2 vampire mosquitoes (D:12)
  A hungry ghost (D:12)
  22 wargs
  25 water moccasins
  3 soldier ants
  11 porcupines
  A swamp drake (D:12)
  31 orc warriors
  5 sky beasts
  7 ice beasts
  4 phantoms
  A black bear (D:9)
  An eye of draining (D:15)
  2 necrophages
  14 wolves
  10 ogres
  6 centaurs
  2 big kobolds
  28 crocodiles
  27 bullfrogs
  A gnoll sergeant (D:5)
  A wyvern skeleton (D:8)
  A scorpion (D:14)
  2 howler monkeys
  16 killer bees
  9 crimson imps
  3 centaur zombies
  6 hounds
  6 jellies
  A gnoll shaman (D:8)
  A quasit (D:11)
  35 orc priests
  4 bullfrog skeletons
  7 centaur skeletons
  An iguana (D:5)
  32 orc wizards
  17 worker ants
  7 hell rats (Lair:4)
  A killer bee zombie (D:7)
  A big kobold zombie (Ossuary)
  A hound zombie (D:9)
  A hound skeleton (D:9)
  9 mummies
  A howler monkey zombie (D:7)
  3 worker ant zombies
  12 gnolls
  21 adders
  A river rat (Lair:6)
  7 shadow imps
  7 oozes
  An adder zombie (D:9)
  4 worms
  4 dart slugs
  5 leopard geckos
  126 orcs
  13 bats
  8 giant cockroaches
  7 goblins
  8 hobgoblins
  16 jackals
  5 quokkas
  4 ball pythons
  3 frilled lizards
  A gnoll zombie (Ossuary)
  3 hobgoblin zombies (Ossuary)
  16 kobolds
  2 kobold zombies (Ossuary)
  A leopard gecko skeleton (D:4)
  An orc zombie (Ossuary)
  A quokka skeleton (D:4)
  2 quokka zombies
  13 rats
  A butterfly (Lair:3)
  2 plants
1096 creatures vanquished.

Vanquished Creatures (collateral kills)
  Agnes (D:15)
  A deep elf sorcerer (Elf:2)
  An emperor scorpion (Spider:1)
  A stone giant (Orc:2)
  Azrael (Elf:1)
  A deep elf death mage (Elf:2)
  A merfolk avatar (Shoals:1)
  5 dancing weapons
  5 orc high priests (Orc:2)
  9 deep elf knights
  A soul eater (Orc:2)
  A sixfirhy (Orc:2)
  An infernal demonspawn (Orc:2)
  A torturous demonspawn (Orc:2)
  2 deep elf archers (Elf:1)
  3 orc knights (Orc:2)
  21 deep elf magi
  5 orc sorcerers (Orc:2)
  A rust devil (Orc:2)
  An eye of devastation (Slime:1)
  An orange demon (Orc:2)
  2 demonic crawlers (Spider:1)
  2 red devils (Orc:2)
  A jumping spider (Spider:1)
  A raiju (shapeshifter) (Elf:1)
  An air elemental (Elf:1)
  A redback (Spider:1)
  2 water elementals (Elf:1)
  2 tarantellas (Spider:1)
  4 fire elementals (Elf:1)
  3 hell hounds (Elf:1)
  10 orc warriors (Orc:2)
  An ice beast (D:11)
  2 earth elementals
  5 orc priests (Orc:2)
  An orc wizard (Orc:2)
  5 orcs (Orc:2)
  A plant (Shoals:1)
108 creatures vanquished.

Vanquished Creatures (others)
  A manticore (Shoals:1)
  An ugly thing (D:15)
  A water nymph (Shoals:1)
  2 spiny frogs (Lair:6)
  2 hornets (Lair:6)
  3 blink frogs (Lair:6)
  2 water moccasins (Lair:6)
  2 slaves (D:9)
  A human (D:5)
  2 crocodiles (Lair:6)
  A scorpion (D:9)
  A killer bee (D:11)
  2 orc wizards (D:4)
  4 worker ants
  3 adders (Lair:6)
  A river rat (Lair:6)
  A butterfly (Lair:6)
  44 fungi
  55 plants
129 creatures vanquished.

Grand Total: 1333 creatures vanquished

Notes
Turn   | Place    | Note
-------+----------+-------------------------------------------
     0 | D:1      | equalderp2856 the Felid Fighter began the quest for the Orb.
     0 | D:1      | Reached XP level 1. HP: 10/10 MP: 2/2
   189 | D:1      | Reached XP level 2. HP: 14/14 MP: 3/3
   858 | D:2      | Reached XP level 3. HP: 16/17 MP: 4/4
  1109 | D:2      | Reached skill level 1 in Stealth
  1288 | D:2      | Reached skill level 5 in Unarmed Combat
  1288 | D:2      | Reached XP level 4. HP: 21/21 MP: 5/5
  2238 | D:3      | Found a stormy altar of Qazlal.
  2238 | D:3      | Noticed a water elemental
  2249 | D:3      | Noticed an earth elemental
  2253 | D:3      | Noticed a fire elemental
  2253 | D:3      | Noticed an air elemental
  2425 | D:3      | Found a shattered altar of Ashenzari.
  2449 | D:3      | Found an opulent altar of Gozag.
  2820 | D:3      | Reached XP level 5. HP: 19/24 MP: 6/6
  3316 | D:4      | Reached skill level 2 in Stealth
  3420 | D:4      | Found a deep blue altar of Sif Muna.
  4123 | D:4      | Reached skill level 5 in Dodging
  4126 | D:4      | HP: 1/24 [orc/hand axe (7)]
  4149 | D:4      | HP: 1/24 [orc wizard/dagger (3)]
  4150 | D:4      | Slain by an orc wizard
  4151 | D:4      | Reached XP level 4. HP: -1/21 MP: 5/5
  4429 | D:4      | Reached skill level 3 in Stealth
  4432 | D:4      | Reached XP level 5. HP: 17/24 MP: 6/6
  4870 | D:4      | Noticed equalderp2856's ghost (amateur FeFi)
  5195 | D:4      | Noticed a phantom
  5233 | D:4      | Killed a phantom
  5369 | D:4      | Found a snail-covered altar of Cheibriados.
  5767 | D:4      | Gained mutation: You are covered in thick fur. (AC +2) [Felid growth]
  5767 | D:4      | Reached XP level 6. HP: 21/28 MP: 7/7
  7118 | D:5      | Entered Level 5 of the Dungeon
  7185 | D:5      | Noticed a sky beast
  7759 | D:4      | Killed a sky beast
  7759 | D:4      | Reached XP level 7. HP: 31/31 MP: 8/8
  7821 | D:5      | Found an ancient bone altar of Kikubaaqudgha.
  7824 | D:5      | Noticed a human
  7825 | D:5      | Killed a human
  8087 | D:5      | Found a blossoming altar of Fedhas.
  8134 | D:5      | Found a staircase to the Ecumenical Temple.
  8298 | D:5      | Reached skill level 4 in Stealth
  8335 | Temple   | Entered the Ecumenical Temple
  8631 | D:5      | Found a runed door.
  9163 | D:5      | Reached skill level 5 in Stealth
  9163 | D:5      | Reached XP level 8. HP: 36/36 MP: 9/9
 11838 | D:6      | Found Berimew's Serpentskin Sales.
 12759 | D:6      | Found a sacrificial altar of Ru.
 12981 | D:6      | Reached skill level 6 in Stealth
 13038 | D:7      | Found an iron altar of Okawaru.
 13086 | D:7      | Reached skill level 10 in Unarmed Combat
 13158 | D:7      | Reached XP level 9. HP: 39/39 MP: 10/10
 13384 | D:7      | Found a hazy altar of Hepliaklqana.
 13485 | D:7      | Found a sand-covered staircase.
 13521 | Ossuary  | Entered an ossuary
 14296 | D:7      | Noticed Menkaure
 14338 | D:7      | Reached skill level 7 in Stealth
 16182 | D:6      | Learned a level 1 spell: Corona
 16185 | D:6      | Learned a level 2 spell: Ensorcelled Hibernation
 16192 | D:6      | Learned a level 3 spell: Confuse
 16541 | D:8      | Reached skill level 1 in Spellcasting
 17510 | D:8      | Reached XP level 10. HP: 43/43 MP: 17/17
 17593 | D:9      | Reached skill level 5 in Spellcasting
 17875 | D:9      | Reached skill level 1 in Hexes
 17978 | D:9      | Found a staircase to the Lair.
 18866 | D:9      | Found a hide-covered altar of Uskayaw.
 18935 | D:9      | Noticed Pikel
 19008 | D:10     | Entered Level 10 of the Dungeon
 19071 | D:10     | Reached skill level 8 in Stealth
 19071 | D:10     | Reached skill level 1 in Ice Magic
 19190 | D:10     | Noticed a hill giant
 19884 | D:9      | Noticed a purple ugly thing
 19927 | D:9      | Killed a purple ugly thing
 20746 | D:9      | Killed Pikel
 20746 | D:9      | Reached skill level 5 in Hexes
 21342 | D:10     | Noticed Nergalle
 21682 | D:10     | Noticed Maurice
 21693 | D:10     | Killed Maurice
 21746 | D:10     | Noticed a tengu warrior
 22374 | D:4      | Slain by equalderp2856's ghost
 22375 | D:4      | Reached XP level 9. HP: -3/39 MP: 19/19
 22602 | D:4      | Killed equalderp2856's ghost
 23260 | D:10     | Noticed a tengu warrior
 23292 | D:10     | Noticed Sonja
 23573 | D:10     | Noticed a green ugly thing
 23598 | D:10     | Killed a hill giant
 23598 | D:10     | Reached skill level 9 in Stealth
 23598 | D:10     | Reached XP level 10. HP: 43/43 MP: 13/20
 23679 | D:10     | Killed a green ugly thing
 23770 | D:10     | Killed Sonja
 24126 | D:10     | Noticed Joseph
 25440 | D:11     | Noticed an unseen horror
 25447 | D:11     | Killed an unseen horror
 25468 | D:11     | Noticed a purple ugly thing
 25470 | D:11     | Killed a purple ugly thing
 25478 | D:11     | Noticed a cyclops
 25760 | D:11     | Noticed a hill giant
 25768 | D:11     | Killed a hill giant
 25768 | D:11     | Reached skill level 10 in Stealth
 25768 | D:11     | Reached XP level 11. HP: 46/46 MP: 19/22
 25828 | D:11     | Noticed a seven-headed hydra
 25999 | D:10     | Killed Joseph
 26039 | D:10     | Killed Nergalle
 26314 | D:10     | Killed a tengu warrior
 26683 | D:10     | Shot with an arrow by a centaur
 26684 | D:10     | Reached XP level 10. HP: -7/43 MP: 21/21
 27428 | Lair:1   | Entered Level 1 of the Lair of Beasts
 28231 | Lair:1   | Reached XP level 11. HP: 24/46 MP: 10/23
 28885 | Lair:2   | Noticed Urug
 28888 | Lair:2   | Killed Urug
 28888 | Lair:2   | Reached skill level 11 in Stealth
 29234 | Lair:2   | Found a staircase to the Shoals.
 30424 | Lair:1   | Learned a level 2 spell: Sticks to Snakes
 30566 | Lair:1   | Learned a level 4 spell: Throw Icicle
 30649 | Lair:2   | Reached skill level 1 in Conjurations
 30664 | Lair:2   | Reached skill level 5 in Ice Magic
 31590 | Lair:3   | Noticed cotteux's ghost (journeyman MiBe)
 31674 | Lair:3   | Killed cotteux's ghost
 31854 | Lair:3   | Gained mutation: Your thick and shaggy fur keeps you warm. (AC +3, rC+) [Felid growth]
 31854 | Lair:3   | Reached XP level 12. HP: 50/50 MP: 25/25
 32140 | Lair:3   | Reached skill level 5 in Conjurations
 32213 | Lair:3   | Found a hole to the Spider Nest.
 33249 | Lair:4   | Noticed a death yak
 33251 | Lair:4   | Noticed a death yak
 33254 | Lair:4   | Noticed a death yak
 33254 | Lair:4   | Noticed a death yak
 34046 | Lair:4   | Noticed a death yak
 34048 | Lair:4   | Noticed a death yak
 35250 | Lair:1   | Learned a level 2 spell: Blink
 35252 | Lair:1   | Learned a level 1 spell: Confusing Touch
 35255 | Lair:1   | Learned a level 2 spell: Repel Missiles
 35258 | Lair:1   | Learned a level 2 spell: Slow
 35263 | Lair:1   | Learned a level 4 spell: Summon Ice Beast
 35266 | Lair:1   | Learned a level 2 spell: Call Imp
 36411 | Lair:3   | Reached skill level 10 in Spellcasting
 37011 | Lair:4   | Killed a death yak
 37865 | Lair:4   | Killed a death yak
 38131 | Lair:4   | Killed a death yak
 38479 | Lair:4   | Killed a death yak
 38936 | Lair:4   | Killed a death yak
 39119 | Lair:6   | Entered Level 6 of the Lair of Beasts
 39173 | Lair:6   | Found a labyrinth entrance.
 39184 | Lab      | Entered a labyrinth
 39870 | Lab      | Noticed a minotaur
 40088 | Lair:6   | Reached XP level 13. HP: 53/54 MP: 9/30
 40186 | Lair:6   | Reached skill level 12 in Stealth
 40297 | Lair:6   | Reached skill level 10 in Hexes
 43028 | Lair:6   | Reached skill level 13 in Stealth
 43720 | Lair:6   | Found a viscous altar of Jiyva.
 43721 | Lair:6   | Found a staircase to the Slime Pits.
 43747 | Lair:6   | Reached skill level 1 in Translocations
 47290 | Lair:6   | Reached XP level 14. HP: 57/57 MP: 23/31
 49185 | Lair:6   | Reached skill level 14 in Stealth
 50179 | Lair:6   | Reached skill level 10 in Dodging
 52554 | Lair:6   | Got a sparkling platinum amulet
 54541 | Lair:2   | Reached skill level 1 in Summonings
 57901 | Shoals:1 | Entered Level 1 of the Shoals
 58717 | D:9      | Learned a level 1 spell: Magic Dart
 58890 | D:11     | Mangled by a tengu warrior
 58891 | D:11     | Reached XP level 13. HP: -6/54 MP: 2/30
 59878 | D:11     | Reached skill level 5 in Summonings
 60837 | D:12     | Noticed cotteux's ghost (journeyman GrBe)
 61186 | D:11     | Reached XP level 14. HP: 48/57 MP: 26/31
 61243 | D:11     | Learned a level 5 spell: Summon Demon
 61869 | D:12     | Found a staircase to the Orcish Mines.
 63400 | D:12     | Killed cotteux's ghost
 64590 | D:13     | Noticed Erolcha
 64788 | D:13     | Reached skill level 15 in Stealth
 65486 | Orc:1    | Entered Level 1 of the Orcish Mines
 65817 | Orc:2    | Entered Level 2 of the Orcish Mines
 65817 | Orc:2    | Found Coron's Antique Weapon Boutique.
 65824 | Orc:2    | Found a staircase to the Elven Halls.
 66637 | Orc:2    | Found Yweducue's Magic Scroll Emporium.
 66639 | Orc:2    | Found Kooxzex's General Store.
 69571 | Orc:2    | Noticed a stone giant
 69589 | Orc:2    | Killed a stone giant
 71498 | Orc:2    | Found Jilof's Gadget Shop.
 71498 | Orc:2    | Found Petuhiff's Antique Weapon Boutique.
 71499 | Orc:2    | Found a one-way gate leading to the halls of Pandemonium.
 71696 | Elf:1    | Entered Level 1 of the Elven Halls
 72387 | Elf:1    | Reached XP level 15. HP: 61/61 MP: 32/34
 73139 | Elf:1    | Identified the Grimoire of Conjuration
 73724 | Elf:1    | Noticed Azrael
 74227 | Elf:1    | Found a radiant altar of Vehumet.
 74309 | Elf:1    | Killed Azrael
 76311 | Elf:2    | Noticed a deep elf sorcerer
 77546 | Elf:2    | Killed a deep elf sorcerer
 80182 | D:13     | Killed Erolcha
 80916 | D:14     | Reached skill level 10 in Ice Magic
 81456 | D:14     | Noticed an orc warlord
 81736 | D:15     | Entered Level 15 of the Dungeon
 83660 | D:14     | Killed an orc warlord
 83660 | D:14     | Reached skill level 15 in Spellcasting
 83810 | D:14     | Reached skill level 16 in Stealth
 83888 | D:14     | Found a gate to the Vaults.
 84853 | D:15     | Noticed Agnes
 85013 | D:15     | Found a bloodstained altar of Trog.
 85381 | D:15     | Found a glowing golden altar of the Shining One.
 86184 | D:15     | Reached XP level 16. HP: 64/64 MP: 30/36
 86490 | D:15     | Found a staircase to the Depths.
 86746 | D:15     | Killed Agnes
 87038 | D:15     | Identified the amulet "Eduiloh" {Harm *Contam *Drain MR+ MP+9} (You found it on level 6 of the Lair of Beasts)
 87096 | D:15     | Gained mutation: Your magical capacity is low. (-10% MP) [mutagenic glow]
 88334 | Elf:2    | Found Qianuz's Weapon Boutique.
 89140 | Elf:1    | HP: 1/64 [deep elf knight/morningstar (25)]
 90380 | Elf:3    | Entered Level 3 of the Elven Halls
 90403 | Elf:3    | Found a portal to a secret trove of treasure.
 92106 | Shoals:1 | Noticed Nikola
 92645 | Spider:1 | Entered Level 1 of the Spider Nest
 94733 | Slime:1  | Entered Level 1 of the Pits of Slime
 94770 | Slime:1  | Noticed an acid blob
 96200 | Depths:1 | Entered Level 1 of the Depths
 96568 | Depths:1 | Noticed Bai Suzhen
 96902 | Depths:1 | Reached skill level 17 in Stealth
 97100 | Depths:1 | HP: 1/64 [acid (8)]
 97148 | Depths:1 | Slain by a vampire knight
 97149 | Depths:1 | Reached XP level 15. HP: -5/61 MP: 10/32
 97306 | Depths:1 | Reached skill level 5 in Fighting
 97524 | Depths:2 | Mangled by a stone giant

Skill      XL: |  1  2  3  4  5  6  7  8  9 10 11 12 13 14 15 16 |
---------------+-------------------------------------------------+-----
Stealth        | 1 3 2 5 6 9 10 11 13 15 16 17 | 17.1
Unarmed Combat | 5 6 7 8 10 11 12 13 14 | 14.3
Dodging        | 5 6 7 8 9 10 | 10.5
Fighting       | 4 5 |  5.0
Spellcasting   | 4 6 8 12 14 15 | 15.8
Hexes          | 7 9 11 12 13 14 | 14.1
Ice Magic      | 4 6 8 9 10 | 10.8
Conjurations   | 4 5 6 7 |  7.0
Translocations | 2 4 |  4.8
Summonings     | 6 7 8 9 |  9.2
Charms         | |  0.5
Transmutations | |  0.9
Air Magic      | |  0.1

Action                   |  1- 3 |  4- 6 |  7- 9 | 10-12 | 13-15 | 16-18 || total
-------------------------+-------+-------+-------+-------+-------+-------++-------
Melee: Unarmed           |    90 |   298 |   467 |   613 |  1168 |   183 ||  2819
       Bite              |     7 |    27 |    29 |    82 |   108 |    17 ||   270
       Punch             |     2 |     9 |    23 |    33 |    73 |     6 ||   146
 Cast: Corona            |       |       |    18 |    16 |    55 |     1 ||    90
       Ensorcelled Hiber |       |       |     4 |   234 |   702 |   153 ||  1093
       Confuse           |       |       |     4 |    44 |   208 |    17 ||   273
       Sticks to Snakes  |       |       |       |     3 |    11 |    14 ||    28
       Throw Icicle      |       |       |       |    71 |   356 |    24 ||   451
       Slow              |       |       |       |    71 |    43 |       ||   114
       Confusing Touch   |       |       |       |    21 |   103 |    10 ||   134
       Blink             |       |       |       |     1 |    89 |    25 ||   115
       Repel Missiles    |       |       |       |       |     6 |     3 ||     9
       Summon Demon      |       |       |       |       |   150 |    32 ||   182
       Summon Ice Beast  |       |       |       |       |   161 |    50 ||   211
       Magic Dart        |       |       |       |       |    36 |       ||    36
       Call Imp          |       |       |       |       |     1 |       ||     1
  Use: Potion            |       |     2 |       |     2 |     3 |     2 ||     9
       Scroll            |       |    12 |     3 |    15 |     7 |     6 ||    43
 Stab: Sleeping          |     2 |     9 |    18 |   108 |   239 |    80 ||   456
       Distracted        |       |     1 |       |     5 |     7 |     1 ||    14
       Paralysed         |       |       |     1 |       |       |       ||     1
       Confused          |       |       |     1 |    21 |    87 |    12 ||   121
       Petrified         |       |       |       |       |     1 |       ||     1
  Eat: Chunk             |     8 |     9 |     9 |    52 |   100 |    13 ||   191
       Royal jelly       |       |     1 |       |       |     2 |     2 ||     5
       Meat ration       |       |       |     2 |       |     5 |     1 ||     8
       Beef jerky        |       |       |       |       |     3 |     2 ||     5
       Pizza             |       |       |       |       |     1 |       ||     1
Armor: Skin              |     6 |    17 |    10 |    10 |    26 |     6 ||    75
Dodge: Dodged            |    88 |   248 |   319 |   464 |   957 |   185 ||  2261
       Deflected         |       |       |       |       |    13 |     5 ||    18
